| 8 | 0:00 | SCV | |
| 9 | 0:12 | SCV | |
| 10 | 0:24 | SCV | |
| 11 | 0:28 | Supply Depot | |
| 11 | 0:36 | SCV | |
| 12 | 0:48 | SCV | |
| 13 | 0:53 | Barracks | |
| 13 | 1:01 | SCV | |
| 14 | 1:05 | Refinery | |
| 14 | 1:13 | SCV | |
| 15 | 1:25 | SCV | |
| 16 | 1:40 | Orbital Command | |
| 16 | 1:47 | Reaper | |
| 17 | 2:05 | SCV | |
| 18 | 2:09 | Command Center | |
| 18 | 2:17 | SCV | |
| 18 | 2:21 | Marine | |
| 20 | 2:27 | Supply Depot | |
| 20 | 2:29 | SCV | |
| 21 | 2:37 | Factory | |
| 21 | 2:44 | Barracks Reactor | |
| 21 | 2:48 | SCV | |
| 22 | 3:00 | SCV | |
| 23 | 3:11 | Command Center | |
| 23 | 3:14 | SCV | |
| 24 | 3:23 | Orbital Command | |
| 24 | 3:26 | SCV | |
| 25 | 3:35 | Barracks | |
| 25 | 3:38 | SCV | |
| 25 | 3:39 | Barracks Tech Lab | |
| 26 | 3:43 | Hellion | |
| 26 | 3:47 | Hellion | |
| 30 | 3:50 | SCV | |
| 30 | 3:52 | SCV | |
| 32 | 3:57 | Refinery | |
| 32 | 3:58 | Marine | |
| 32 | 4:02 | SCV | |
| 34 | 4:04 | SCV | |
| 34 | 4:06 | Stimpack | |
| 35 | 4:14 | SCV | |
| 35 | 4:16 | Marine | |
| 37 | 4:17 | SCV | |
| 37 | 4:23 | Starport | |
| 38 | 4:24 | Orbital Command | |
| 38 | 4:26 | SCV | |
| 38 | 4:28 | Factory Reactor | |
| 38 | 4:29 | Marine | |
| 38 | 4:30 | Marine | |
| 41 | 4:34 | Marine | |
| 41 | 4:35 | SCV | |
| 43 | 4:40 | SCV | |
| 43 | 4:41 | Supply Depot | |
| 44 | 4:47 | SCV | |
| 44 | 4:49 | Marine x2 | |
| 44 | 4:50 | SCV | |
| 44 | 4:52 | Marine, SCV | |
| 50 | 4:59 | SCV | |
| 49 | 5:03 | SCV | |
| 49 | 5:04 | SCV | |
| 49 | 5:07 | Marine, Supply Depot | |
| 51 | 5:10 | Medivac x2 | |
| 51 | 5:11 | SCV | |
| 51 | 5:12 | Marine | |
| 58 | 5:14 | Marine | |
| 58 | 5:15 | SCV | |
| 58 | 5:16 | SCV | |
| 58 | 5:19 | Refinery | |
| 57 | 5:22 | Factory Tech Lab | |
| 57 | 5:23 | SCV | |
| 57 | 5:24 | Marine | |
| 57 | 5:27 | SCV | |
| 59 | 5:29 | SCV | |
| 59 | 5:31 | Supply Depot | |
| 59 | 5:32 | Marine x2 | |
| 59 | 5:35 | Refinery, SCV | |
| 62 | 5:39 | SCV | |
| 62 | 5:41 | SCV | |
| 62 | 5:42 | Marine, Barracks | |
| 64 | 5:45 | Combat Shield | |
| 64 | 5:47 | Engineering Bay, SCV | |
| 66 | 5:51 | SCV, Marine | |
| 66 | 5:53 | SCV | |
| 66 | 5:55 | Supply Depot | |
| 66 | 5:56 | Marine | |
| 70 | 5:59 | Engineering Bay | |
| 70 | 6:00 | SCV | |
| 70 | 6:03 | SCV, Marine | |
| 73 | 6:04 | Supply Depot, Starport Reactor | |
| 73 | 6:06 | SCV | |
| 73 | 6:11 | Supply Depot, Marine | |
| 74 | 6:12 | SCV | |
| 74 | 6:14 | Siege Tank | |
| 74 | 6:16 | Marine | |
| 80 | 6:20 | Missile Turret, SCV | |
| 80 | 6:21 | Orbital Command, Marine | |
| 80 | 6:23 | Terran Infantry Weapons Level 1 | |
| 82 | 6:26 | Terran Infantry Armor Level 1 | |
| 82 | 6:29 | SCV | |
| 82 | 6:30 | Missile Turret, Marine | |
| 82 | 6:32 | SCV | |
| 85 | 6:33 | Marine | |
| 85 | 6:36 | Marine x2 | |
| 85 | 6:39 | Marine | |
| 89 | 6:41 | Supply Depot | |
| 89 | 6:43 | SCV | |
| 89 | 6:44 | SCV | |
| 89 | 6:46 | SCV | |
| 92 | 6:49 | Supply Depot, Marine | |
| 92 | 6:52 | Siege Tank | |
| 96 | 6:55 | SCV | |
| 96 | 6:56 | Marine, SCV | |
| 96 | 6:58 | SCV | |
| 96 | 7:00 | Marine x2 | |
| 96 | 7:01 | Supply Depot | |
| 103 | 7:05 | Barracks | |
| 103 | 7:06 | Barracks | |
| 102 | 7:09 | Marine, Missile Turret | |
| 102 | 7:14 | Marine | |
| 103 | 7:15 | Medivac | |
| 103 | 7:16 | Supply Depot, Medivac | |
| 103 | 7:17 | Marine | |
| 103 | 7:20 | SCV x2 | |
| 110 | 7:25 | Supply Depot | |
| 110 | 7:27 | Siege Tank | |
| 113 | 7:30 | Armory | |
| 113 | 7:31 | Marine x2 | |
| 113 | 7:32 | Supply Depot | |
| 113 | 7:36 | Factory | |
| 115 | 7:39 | Refinery | |
| 115 | 7:40 | Marine x2 | |
| 115 | 7:42 | Supply Depot | |
| 117 | 7:46 | Marine | |
| 117 | 7:47 | SCV | |
| 117 | 7:48 | Medivac x2 | |
| 117 | 7:51 | Marine | |
| 122 | 7:54 | Supply Depot | |
| 122 | 7:56 | Marine | |
| 122 | 7:57 | Barracks Reactor x2 | |
| 124 | 7:59 | SCV x2 | |
| 124 | 8:00 | SCV | |
| 124 | 8:01 | Widow Mine | |
| 129 | 8:06 | Command Center | |
| 129 | 8:10 | Marine x2 | |
| 131 | 8:13 | Supply Depot | |
| 131 | 8:16 | Marine x2 | |
| 131 | 8:18 | Terran Infantry Weapons Level 2 | |
| 132 | 8:21 | Supply Depot | |
| 132 | 8:23 | Marine | |
| 132 | 8:24 | Factory Reactor, Widow Mine | |
| 132 | 8:25 | Terran Infantry Armor Level 2, Drilling Claws | |
| 135 | 8:28 | Marine | |
| 135 | 8:29 | Marine | |
| 135 | 8:32 | Supply Depot, Refinery | |
| 135 | 8:33 | Marine x2 | |
| 135 | 8:34 | Marine | |
| 140 | 8:35 | Marine x3 | |
| 140 | 8:39 | Medivac x2 | |
| 147 | 8:44 | Marine, Supply Depot | |
| 147 | 8:45 | Sensor Tower | |
| 147 | 8:47 | Marine x2 | |
| 150 | 8:49 | SCV x2 | |
| 150 | 8:51 | Widow Mine | |
| 150 | 8:54 | Marine | |
| 155 | 9:00 | Marine x4 | |
| 155 | 9:01 | Widow Mine x2, Marine | |
| 155 | 9:02 | Marine | |
| 148 | 9:05 | Marine x2, SCV | |
| 148 | 9:06 | SCV | |
| 152 | 9:12 | Marine, Widow Mine | |
| 152 | 9:13 | Medivac | |
| 152 | 9:16 | Medivac | |
| 159 | 9:17 | Marine x2 | |
| 159 | 9:18 | Marine | |
| 159 | 9:22 | Marine x3 | |
| 169 | 9:24 | Widow Mine x2 | |
| 169 | 9:26 | Missile Turret, Marine | |
| 169 | 9:27 | SCV | |
| 169 | 9:31 | Marine | |
| 171 | 9:32 | Terran Vehicle Weapons Level 1 | |
| 171 | 9:34 | Barracks | |
| 171 | 9:35 | Barracks | |
| 171 | 9:37 | Marine | |
| 171 | 9:38 | Marine x2, Widow Mine | |
| 176 | 9:41 | Marine | |
| 176 | 9:42 | SCV | |
| 178 | 9:45 | Marine | |
| 178 | 9:46 | Marauder | |
| 178 | 9:47 | Marine x2 | |
| 178 | 9:49 | Marine | |
| 184 | 9:53 | Barracks | |
| 184 | 9:54 | Widow Mine | |
| 184 | 9:55 | Marine | |
| 181 | 10:00 | Marine x2, Widow Mine | |
| 181 | 10:02 | Widow Mine | |
| 181 | 10:05 | SCV | |
| 182 | 10:08 | Planetary Fortress, Marine | |
| 182 | 10:09 | Marauder | |
| 181 | 10:17 | Orbital Command | |
| 181 | 10:18 | Widow Mine | |
| 181 | 10:21 | Medivac | |
| 182 | 10:23 | Marine x2, Widow Mine | |
| 182 | 10:24 | Marine x2 | |
| 182 | 10:26 | Marine | |
| 182 | 10:27 | Marine x2 | |
| 169 | 10:29 | SCV | |
| 169 | 10:30 | Marauder | |
| 169 | 10:31 | Widow Mine | |
| 169 | 10:33 | Medivac | |
| 169 | 10:34 | Marine, SCV | |
| 165 | 10:37 | Marine x2 | |
| 165 | 10:41 | Marine x2, SCV | |
| 165 | 10:42 | Marine x2 | |
| 169 | 10:47 | SCV | |
| 169 | 10:49 | SCV | |
| 167 | 10:50 | SCV | |
| 167 | 10:56 | Thor | |
| 166 | 10:57 | Marine x4 | |
| 166 | 11:02 | Terran Infantry Weapons Level 3 | |
| 168 | 11:06 | Terran Infantry Armor Level 3 | |
| 168 | 11:07 | Marine | |
| 168 | 11:08 | Marine | |
| 168 | 11:09 | Marine | |
| 169 | 11:12 | Barracks Tech Lab x2 | |
| 169 | 11:13 | Marauder | |
| 169 | 11:16 | Missile Turret | |
| 171 | 11:19 | Widow Mine x2 | |
| 171 | 11:24 | Medivac | |
| 173 | 11:25 | Marine x2 | |
| 173 | 11:26 | Marine | |
| 173 | 11:27 | Marine | |
| 173 | 11:29 | Terran Vehicle And Ship Armor Level 1 | |
| 173 | 11:31 | Marine x2 | |
| 179 | 11:33 | Marine x2 | |
| 179 | 11:34 | Marauder | |
| 179 | 11:35 | Marine x2 | |
| 179 | 11:37 | SCV | |
| 179 | 11:43 | Marine x2 | |
| 179 | 11:44 | Marine | |
| 179 | 11:45 | Marine | |
| 172 | 11:49 | Marine x2 | |
| 172 | 11:51 | Marine x2 | |
| 172 | 11:53 | Marine | |
| 175 | 11:54 | SCV | |
| 175 | 11:56 | Marauder | |
| 175 | 11:58 | Missile Turret | |
| 175 | 11:59 | Missile Turret | |
| 175 | 12:01 | SCV | |
| 172 | 12:02 | SCV x2 | |
| 172 | 12:03 | Marine, Widow Mine | |
| 172 | 12:06 | Marine, SCV | |
| 172 | 12:07 | Marine | |
| 172 | 12:08 | Marine x4 | |
| 176 | 12:14 | SCV | |
| 181 | 12:15 | Marine x2 | |
| 181 | 12:16 | Marine | |
| 181 | 12:18 | Widow Mine, Marine | |
| 181 | 12:19 | SCV | |
| 181 | 12:22 | Medivac x2 | |
| 192 | 12:25 | Marine | |
| 192 | 12:29 | SCV | |
| 194 | 12:30 | Marauder | |
| 194 | 12:32 | Command Center | |
| 196 | 12:39 | Marine, Widow Mine | |
| 196 | 12:43 | Marauder x2, Marine | |
| 184 | 12:46 | Marine x2 | |
| 184 | 12:47 | Marine | |
| 187 | 12:51 | Marauder | |
| 187 | 12:53 | Marine x3 | |
| 187 | 12:57 | Marine | |
| 191 | 13:01 | Marine | |
| 191 | 13:04 | Marauder x2, Marine | |
| 191 | 13:05 | Widow Mine | |
| 193 | 13:13 | Marauder | |
| 193 | 13:14 | Marine x3, Widow Mine | |
| 193 | 13:15 | Marine | |
| 193 | 13:16 | Marine | |
| 193 | 13:17 | Marine | |
| 193 | 13:19 | Marine | |
| 199 | 13:27 | Command Center, Terran Vehicle And Ship Armor Level 2 | |
| 199 | 13:30 | Supply Depot | |
| 199 | 13:40 | Marine | |
| 199 | 13:41 | Marine x2 | |
| 198 | 13:44 | Marauder | |
| 200 | 14:03 | Ghost Academy | |
| 200 | 14:04 | Refinery x2 | |
| 200 | 14:08 | Marauder | |
| 195 | 14:13 | Marauder x2 | |
| 195 | 14:14 | Widow Mine | |
| 195 | 14:15 | Widow Mine | |
| 198 | 14:20 | Planetary Fortress | |
| 198 | 14:27 | Marine | |
| 198 | 14:28 | Marine | |
| 198 | 14:32 | SCV | |
| 198 | 14:35 | Marauder | |
| 199 | 14:43 | Orbital Command | |
| 184 | 14:47 | Medivac, Widow Mine | |
| 184 | 14:49 | Marine x2 | |
| 184 | 14:50 | Marauder | |
| 180 | 14:54 | Ghost | |
| 180 | 14:55 | Marine x4, Ghost | |
| 180 | 14:57 | Refinery, Widow Mine x2 | |
| 180 | 14:58 | SCV x2 | |
| 180 | 14:59 | SCV | |
| 194 | 15:11 | Marauder | |
| 196 | 15:14 | Marine | |
| 196 | 15:18 | Missile Turret | |
| 196 | 15:23 | Ghost | |
| 196 | 15:27 | Marauder | |
| 196 | 15:29 | Marine x2 | |
| 196 | 15:31 | SCV | |
| 196 | 15:32 | Marine, Widow Mine, Marauder | |
| 196 | 15:33 | SCV | |
| 172 | 15:35 | Marine | |
| 172 | 15:36 | Widow Mine | |
| 172 | 15:39 | Starport | |
| 172 | 15:42 | SCV | |
| 169 | 15:44 | SCV | |
| 169 | 15:48 | Marauder, Marine | |
| 169 | 15:49 | Widow Mine | |
| 175 | 15:52 | Marauder | |
| 175 | 15:54 | Marauder | |
| 176 | 16:00 | Widow Mine | |
| 176 | 16:01 | Marine | |
| 176 | 16:03 | Marine x6 | |
| 184 | 16:09 | SCV x2, Marauder | |
| 184 | 16:10 | SCV x2 | |
| 190 | 16:13 | Marauder | |
| 190 | 16:15 | Marauder | |
| 189 | 16:23 | Orbital Command | |
| 189 | 16:24 | Medivac | |
| 179 | 16:27 | Marine x2 | |
| 179 | 16:28 | Marine x4 | |
| 179 | 16:29 | Marine x2 | |
| 179 | 16:31 | Marauder | |
| 179 | 16:32 | Hellion | |
| 184 | 16:35 | Marauder | |
| 184 | 16:36 | Ghost | |
| 184 | 16:37 | Widow Mine | |
| 186 | 16:42 | Missile Turret | |
| 186 | 16:45 | Marine x2 | |
| 188 | 16:52 | Marauder | |
| 190 | 16:55 | Widow Mine | |
| 190 | 16:56 | Widow Mine, Marauder, Marine x2 | |
| 190 | 17:00 | Starport | |
| 198 | 17:04 | Starport Reactor | |
| 198 | 17:05 | Marauder | |
| 200 | 17:14 | Marauder | |
| 177 | 17:17 | Ghost | |
| 177 | 17:19 | Marine | |
| 177 | 17:20 | Widow Mine | |
| 177 | 17:21 | Widow Mine | |
| 177 | 17:22 | Marine | |
| 179 | 17:24 | Widow Mine | |
| 179 | 17:26 | Ghost | |
| 174 | 17:30 | Barracks Tech Lab | |
| 174 | 17:31 | Marine x2 | |
| 174 | 17:32 | Marine x2 | |
| 174 | 17:34 | Ghost | |
| 174 | 17:35 | SCV | |
| 181 | 17:37 | Refinery x2, Marine, Starport Reactor | |
| 181 | 17:42 | Widow Mine x2 | |
| 181 | 17:43 | Marine | |
| 187 | 17:45 | Ghost | |
| 187 | 17:48 | Widow Mine | |
| 192 | 17:54 | Ghost | |
| 192 | 17:55 | Command Center, Ghost | |
| 198 | 17:59 | Marine | |
| 198 | 18:02 | Marine | |
| 198 | 18:03 | Widow Mine | |
| 200 | 18:10 | Ghost | |
| 183 | 18:13 | Widow Mine | |
| 183 | 18:14 | Ghost | |
| 183 | 18:18 | Medivac x2 | |
| 183 | 18:19 | Widow Mine, Marine | |
| 162 | 18:20 | Marine | |
| 162 | 18:23 | Marine | |
| 162 | 18:24 | Marauder, Marine | |
| 162 | 18:25 | Marauder, Marine, Widow Mine | |
| 154 | 18:30 | Medivac | |
| 154 | 18:32 | Marine | |
| 147 | 18:35 | Widow Mine | |
| 147 | 18:37 | Medivac, Marine | |
| 147 | 18:38 | Marine | |
| 147 | 18:39 | Marauder | |
| 155 | 18:41 | Marine | |
| 155 | 18:43 | Marauder | |
| 155 | 18:44 | Marine | |
| 155 | 18:45 | Marauder | |
| 155 | 18:46 | Marauder | |
| 155 | 18:48 | Marine, Medivac x2 | |
| 163 | 18:50 | Marine | |
| 169 | 18:58 | Widow Mine, Orbital Command | |
| 169 | 19:00 | Ghost, Medivac | |
| 176 | 19:07 | Medivac | |
| 176 | 19:08 | Orbital Command, Widow Mine | |
| 178 | 19:13 | Orbital Command | |
| 178 | 19:18 | Medivac x2 | |
| 178 | 19:19 | Widow Mine | |
| 178 | 19:21 | Marine x2 | |
| 184 | 19:30 | Medivac, Marine | |
| 184 | 19:31 | Widow Mine | |
| 189 | 19:37 | Orbital Command | |
| 185 | 19:42 | Ghost | |
| 185 | 19:45 | Orbital Command | |
| 186 | 19:46 | Widow Mine | |
| 186 | 19:47 | SCV | |
| 186 | 19:52 | Medivac | |
| 165 | 20:02 | Medivac | |
| 165 | 20:06 | SCV | |
| 150 | 20:10 | SCV | |
| 150 | 20:11 | Marine x2, Ghost | |
| 150 | 20:13 | Medivac | |
| 150 | 20:14 | Medivac, Widow Mine | |
| 156 | 20:17 | Marine | |
| 156 | 20:18 | Marine | |
| 160 | 20:22 | SCV x2 | |
| 160 | 20:25 | SCV | |
| 162 | 20:29 | SCV | |
| 162 | 20:34 | SCV | |
| 163 | 20:37 | Medivac | |
| 164 | 20:43 | Marauder, Marine | |
| 164 | 20:47 | Widow Mine | |
| 148 | 20:50 | Marauder, Marine | |
| 148 | 20:51 | Marine | |
| 148 | 20:57 | Marine x2, Marauder, Orbital Command | |
| 142 | 20:59 | Marine x2 | |
| 142 | 21:03 | Widow Mine, Orbital Command | |
| 144 | 21:06 | Marauder | |
| 144 | 21:07 | Marine | |
| 147 | 21:14 | Widow Mine x2, SCV | |
| 147 | 21:15 | Marauder | |
| 147 | 21:18 | Marauder | |
| 156 | 21:20 | Marine | |
| 156 | 21:21 | Marine x2 | |
| 156 | 21:24 | SCV x2 | |
| 161 | 21:25 | SCV | |
| 161 | 21:29 | SCV | |
| 161 | 21:31 | Marauder | |
| 165 | 21:33 | Widow Mine | |
| 165 | 21:35 | Marine | |
| 165 | 21:36 | Ghost | |
| 165 | 21:38 | Widow Mine | |
| 173 | 21:42 | Widow Mine | |
| 173 | 21:44 | Marauder | |
| 170 | 21:51 | Marauder | |
| 171 | 21:54 | Marauder | |
| 171 | 21:56 | Marine x5, Widow Mine | |
| 171 | 21:57 | Marine | |
| 179 | 22:04 | Marine | |
| 179 | 22:06 | Marauder | |
| 179 | 22:13 | Marauder, Widow Mine x2 | |
| 172 | 22:15 | Marauder | |
| 172 | 22:19 | Marine | |
| 172 | 22:20 | Widow Mine | |
| 172 | 22:21 | Marine | |
| 172 | 22:22 | Marine | |
| 171 | 22:23 | Marauder | |
| 171 | 22:24 | Marine | |
| 171 | 22:27 | Marauder | |
| 171 | 22:28 | SCV x3 | |
| 178 | 22:30 | SCV | |
| 179 | 22:39 | Marauder | |
| 179 | 22:43 | Marauder | |
| 178 | 22:48 | Widow Mine | |
| 178 | 22:50 | Marauder | |
| 173 | 22:53 | Marauder | |
| 173 | 22:54 | Liberator | |
| 178 | 23:00 | Orbital Command, Marine, Marauder | |
| 178 | 23:01 | Widow Mine | |
| 178 | 23:04 | SCV x2, Marauder | |
| 179 | 23:07 | SCV x3 | |
| 182 | 23:16 | SCV x2 | |
| 180 | 23:20 | SCV | |
| 180 | 23:23 | SCV | |
| 180 | 23:26 | Medivac x2 | |
| 180 | 23:27 | Widow Mine | |
| 186 | 23:28 | Marine | |
| 186 | 23:34 | Marauder | |
| 187 | 23:41 | Ghost | |
| 187 | 23:42 | Ghost | |
| 189 | 23:49 | Widow Mine | |
| 189 | 23:51 | Ghost | |
| 189 | 23:54 | SCV, Ghost | |
| 198 | 23:58 | Widow Mine | |
| 200 | 24:12 | Medivac | |
| 200 | 24:13 | SCV | |
| 200 | 24:14 | SCV | |
| 200 | 24:15 | SCV | |
| 199 | 24:17 | SCV x3 | |
| 199 | 24:20 | Command Center | |
| 199 | 24:21 | Refinery x2 | |
| 199 | 24:22 | Widow Mine | |
| 200 | 24:38 | Marauder | |
| 194 | 24:40 | Widow Mine, Marauder x2 | |
| 194 | 24:45 | Widow Mine | |
| 192 | 24:46 | SCV | |
| 192 | 24:50 | Marauder | |
| 192 | 24:52 | SCV | |
| 188 | 24:53 | SCV x2 | |
| 188 | 24:54 | Orbital Command | |
| 188 | 24:58 | SCV | |
| 188 | 24:59 | Marauder | |
| 182 | 25:00 | Marine | |
| 182 | 25:01 | Medivac | |
| 182 | 25:02 | Marine x2, Widow Mine | |
| 182 | 25:04 | Orbital Command, SCV | |
| 182 | 25:05 | Marine, SCV x2 | |
| 193 | 25:07 | Widow Mine | |
| 193 | 25:08 | Widow Mine, Ghost | |
| 193 | 25:10 | Marauder | |
| 199 | 25:15 | SCV | |
| 199 | 25:16 | Medivac | |
| 199 | 25:19 | SCV | |
| 200 | 25:23 | Missile Turret | |
| 200 | 25:29 | Orbital Command | |
| 200 | 25:47 | Refinery x2 | |
| 200 | 25:55 | Orbital Command | |
| 200 | 25:56 | Orbital Command | |
| 198 | 26:06 | Liberator | |
| 194 | 26:26 | Orbital Command | |
| 194 | 26:27 | Ghost | |
| 194 | 26:29 | Widow Mine | |
| 194 | 26:30 | Refinery | |
| 199 | 26:38 | Ghost | |
| 199 | 26:39 | Widow Mine | |
| 193 | 26:48 | Widow Mine | |
| 193 | 26:50 | Medivac | |
| 193 | 26:52 | Marine x3, Marauder | |
| 198 | 27:11 | Marauder | |
| 198 | 27:13 | Marauder | |
| 198 | 27:21 | Widow Mine | |
| 198 | 27:22 | Marauder x2 | |
| 195 | 27:31 | Widow Mine, Liberator | |
| 200 | 27:37 | Terran Vehicle And Ship Armor Level 3 | |
| 200 | 27:46 | Marauder | |
| 200 | 27:47 | Orbital Command | |
| 200 | 27:49 | Marauder | |
| 176 | 27:57 | Widow Mine | |
| 176 | 28:05 | SCV | |
| 175 | 28:11 | Marine x3, Marauder | |
| 175 | 28:12 | SCV | |
| 172 | 28:20 | Marauder, Marine x2 | |
| 172 | 28:21 | Marine | |
| 172 | 28:25 | Marine | |
| 167 | 28:33 | Orbital Command | |
| 166 | 28:35 | Orbital Command | |
| 166 | 28:37 | Marine | |
| 166 | 28:38 | Marine x3 | |
| 164 | 28:44 | Marine | |
| 164 | 28:45 | Marine x3 | |
| 164 | 28:46 | Marine x2 | |
| 164 | 28:47 | SCV | |
| 164 | 28:52 | Widow Mine x2 | |
| 165 | 28:56 | SCV | |
| 165 | 28:57 | Marauder | |
| 165 | 28:59 | SCV | |
| 165 | 29:00 | Marine x3 | |
| 165 | 29:01 | SCV | |
| 165 | 29:02 | Marine | |
| 170 | 29:03 | Marine, Marauder | |
| 170 | 29:08 | Refinery | |
| 175 | 29:10 | Marauder, Refinery | |
| 175 | 29:12 | Marauder | |
| 175 | 29:15 | Marine | |
| 167 | 29:19 | Marauder | |
| 167 | 29:20 | Orbital Command, Widow Mine | |
| 171 | 29:28 | SCV | |
| 171 | 29:31 | Widow Mine | |
| 151 | 29:45 | Marauder | |
| 153 | 29:46 | Marine x3 | |